 Dungeon Crawl Stone Soup version 0.26-a0-651-gb41185065b (webtiles) character file.

Game seed: 6672380148194396616

972 Flugslaktarn the Chopper (level 7, -1/66 HPs)
             Began as a Deep Dwarf Fighter on Oct 26, 2020.
             Slain by an ogre
             ... wielding a cursed -3 giant club
              (19 damage)
             ... on level 6 of the Dungeon.
             The game lasted 00:01:33 (2577 turns).

Flugslaktarn the Chopper (Deep Dwarf Fighter)       Turns: 2577, Time: 00:01:33

Health: -1/66      AC:  7    Str: 21    XL:     7   Next: 94%
Magic:  5/5        EV:  7    Int:  8    God:
Gold:   285        SH: 10    Dex: 13    Spells: 6/6 levels left

rFire    . . .     SeeInvis .   a - +0 war axe
rCold    . . .     Faith    .   c - +0 kite shield
rNeg     . . .     Spirit   .   b - +0 scale mail
rPois    .         Reflect  .   (no helmet)
rElec    .         Harm     .   (no cloak)
rCorr    .         Rampage  .   (no gloves)
MR       +....                  (no boots)
Stlth    ..........             (no amulet)
HPRegen  0.00/turn              (no ring)
MPRegen  0.09/turn              (no ring)

@: non-regenerating
A: damage resistance, heal wounds, sense surroundings 1, no regeneration
a: Heal Wounds


You were on level 6 of the Dungeon.
You visited 2 branches of the dungeon, and saw 7 of its levels.

You collected 285 gold pieces.

Inventory:

Hand Weapons
 a - a +0 war axe (weapon)
Armour
 b - a +0 scale mail (worn)
 c - a +0 kite shield (worn)
Wands
 i - a wand of iceblast (9)
   (You found it on level 2 of the Dungeon)
 m - a wand of acid (10)
   (You found it on level 5 of the Dungeon)
Scrolls
 e - 10 scrolls of identify {unknown}
 f - 2 scrolls of blinking {unknown}
 g - 3 scrolls of teleportation {unknown}
 k - a scroll of fog {unknown}
 o - a scroll of magic mapping {unknown}
Potions
 d - a potion of might
 h - 2 potions of lignification {unknown}
 j - a potion of resistance {unknown}
 l - a potion of brilliance {unknown}
 n - 2 potions of curing {unknown}
 p - a potion of heal wounds {unknown}
 q - a potion of stabbing {unknown}


   Skills:
 + Level 4.5 Fighting
 * Level 6.7 Axes
 + Level 5.6 Armour
 + Level 5.5 Shields


You had 6 spell levels left.
You didn't know any spells.
Your spell library was empty.

Dungeon Overview and Level Annotations

Branches:
Dungeon (6/15)             Temple (1/1) D:6

Altars:
Ashenzari
Cheibriados
Dithmenos
Elyvilon
Fedhas
Hepliaklqana
Kikubaaqudgha
Okawaru
Sif Muna
Xom
Yredelemnul
Zin
The Shining One

Annotations:
D:6 1 transporter


Innate Abilities, Weirdness & Mutations

You are resistant to damage.
You can heal yourself by infusing magical energy.
You passively map a small area around you.
You do not regenerate.


Message History

You are too injured to fight recklessly!
You feel much better. You block the ogre's attack.
An ogre is nearby!
You hit the ogre.
The ogre is lightly wounded.
The ogre hits you with a cursed -3 giant club!!
* * * LOW HITPOINT WARNING * * *
You are too injured to fight recklessly!
You are too injured to fight recklessly!
You feel much better.
You hit the ogre.
The ogre is moderately wounded.
The ogre hits you with a cursed -3 giant club!!
* * * LOW HITPOINT WARNING * * *
You are too injured to fight recklessly!
You are too injured to fight recklessly!
You hit the ogre.
The ogre is heavily wounded.
The ogre hits you with a cursed -3 giant club!!
You die...

* *
################.#
#...........@O...#
,
#.##############.#
, #.#......... , ,
#.#.########* ,
#...........,, *
#######.########*
, * , ......#.# ,
, #####.#.#######
,,*,
#####.#........


You could see an ogre.

Vanquished Creatures
  Edmund (D:5)
  An ice beast (D:5)
  An ogre (D:4)
  A bullfrog zombie (D:5)
  3 hounds
  A centaur skeleton (D:4)
  2 orc wizards (D:5)
  A gnoll shaman (D:5)
  An orc priest (D:6)
  A bullfrog skeleton (D:6)
  3 iguanas
  3 worker ants
  A hound skeleton (D:5)
  A howler monkey zombie (D:5)
  3 gnolls (D:5)
  5 adders
  A shadow imp (D:5)
  3 white imps
  2 oozes
  2 adder skeletons
  An adder zombie (D:5)
  4 worms
  A dart slug (D:3)
  2 leopard geckos
  11 orcs
  5 bats
  3 giant cockroaches
  2 goblins
  7 hobgoblins
  7 jackals
  3 kobolds
  A ball python (D:1)
  A ball python skeleton (D:4)
  3 frilled lizards
  A leopard gecko skeleton (D:4)
  2 rats
91 creatures vanquished.

Vanquished Creatures (others)
  A plant (D:4)
1 creature vanquished.

Grand Total: 92 creatures vanquished

Notes
Turn   | Place    | Note
-------+----------+-------------------------------------------
     0 | D:1      | Flugslaktarn the Deep Dwarf Fighter began the quest for the
                  | Orb.
     0 | D:1      | Reached XP level 1. HP: 20/20 MP: 1/1
   177 | D:1      | Reached XP level 2. HP: 25/27 MP: 2/2
   283 | D:2      | Reached skill level 3 in Axes
   283 | D:2      | Reached XP level 3. HP: 31/33 MP: 3/3
   449 | D:3      | Reached XP level 4. HP: 30/42 MP: 4/4
   582 | D:4      | Reached skill level 4 in Axes
   586 | D:4      | Found a blossoming altar of Fedhas.
   635 | D:5      | Entered Level 5 of the Dungeon
   652 | D:5      | Reached XP level 5. HP: 31/49 MP: 5/5
   719 | D:4      | Found a hazy altar of Hepliaklqana.
   723 | D:4      | Found a glowing golden altar of the Shining One.
   723 | D:4      | Found a basalt altar of Yredelemnul.
   723 | D:4      | Found a shimmering blue altar of Sif Muna.
  1268 | D:4      | Reached XP level 6. HP: 33/56 MP: 5/5
  1349 | D:4      | Reached skill level 5 in Axes
  1530 | D:5      | Noticed Edmund
  1550 | D:5      | Killed Edmund
  1550 | D:5      | Reached skill level 5 in Armour
  1550 | D:5      | Reached XP level 7. HP: 32/64 MP: 5/5
  1576 | D:5      | Reached skill level 5 in Shields
  1613 | D:5      | Reached skill level 6 in Axes
  2236 | D:6      | Found a snail-covered altar of Cheibriados.
  2280 | D:6      | Found a staircase to the Ecumenical Temple.
  2301 | Temple   | Entered the Ecumenical Temple
  2550 | D:6      | Found a transporter.
  2577 | D:6      | Slain by an ogre

Illustrated notes

Levels and vault maps discovered:
D:1:      onia_arrival_pyramid, layout_basic
D:2:      layout_rooms, minmay_misc_feat_x
D:3:      layout_rooms, ebering_ghost_rock_garden, uniq_terence
D:4:      layout_basic, grunt_temple_overflow_open, fedhas_altar_1
D:5:      layout_basic, uniq_edmund
D:6:      minmay_klotski, layout_basic, minmay_temple_entry_sparse_star,
          gammafunk_ghost_smash, basic_altar, uniq_blork_the_orc
Temple:   compressed_dpeg_triangle_lava_temple

Skill      XL: |  1  2  3  4  5  6  7 |
---------------+----------------------+-----
Axes           | 3 4 5 6 |  6.7
Fighting       | 3 4 |  4.5
Armour         | 4 5 |  5.6
Shields        | 4 5 |  5.5

Action                   |  1- 3 |  4- 6 |  7- 9 || total
-------------------------+-------+-------+-------++-------
Melee: War axe           |   106 |   141 |    97 ||   344
 Abil: Heal Wounds       |       |     5 |     6 ||    11
Armor: Scale mail        |    54 |    34 |    36 ||   124
Dodge: Dodged            |    40 |    36 |    26 ||   102
Block: Kite shield       |    73 |    75 |    49 ||   197

Table legend: (Time is in decaauts)
 A = Elapsed time spent in this place.
 B = Non-inter-level travel time spent in this place.
 C = Inter-level travel time spent in this place.
 D = Time resting spent in this place.
 E = Time spent auto-exploring this place.
 F = Levels seen in this place.
 G = Mean time per level.
                   A        B        C        D        E       F      G
               +--------+--------+--------+--------+--------+-----+--------+
         Total |   2701 |   2571 |    130 |      0 |   1846 |   7 |  385.9 |
       Dungeon |   2490 |   2369 |    121 |      0 |   1646 |   6 |  415.0 |
        Temple |    210 |    201 |      9 |      0 |    200 |   1 |  210.0 |
               +--------+--------+--------+--------+--------+-----+--------+

Top non-repeatable levels by time:
     D:4: 901 daAuts
     D:5: 881 daAuts
     D:1: 253 daAuts
  Temple: 210 daAuts
     D:6: 174 daAuts
     D:2: 167 daAuts
     D:3: 113 daAuts
